 Dungeon Crawl Stone Soup version 0.18-a0-1577-gf591c28 (webtiles) character file.

21 ihatefelids the Ducker (level 2, -7/14 HPs)
             Began as a Felid Chaos Knight on Mar 19, 2016.
             Mangled by a small abomination (18 damage)
             ... summoned by the capriciousness of Xom
             ... on level 2 of the Dungeon.
             The game lasted 00:01:27 (977 turns).

ihatefelids the Ducker (Felid Chaos Knight)          Turns: 977, Time: 00:01:27

Health: -7/14      AC:  1    Str:  8    XL:     2   Next: 65%
Magic:  3/3        EV: 18    Int: 13    God:    Xom [......]
Gold:   9          SH:  0    Dex: 15    Spells: 0 memorised, 1 level left
                                        Lives:  0   Deaths: 0

rFire  . . .     SeeInvis +       - Unarmed
rCold  . . .     Gourm    .     (armour unavailable)
rNeg   . . .     Faith    .     (shield unavailable)
rPois  .         Spirit   .     (helmet unavailable)
rElec  .         Dismiss  .     (cloak unavailable)
rCorr  .         Reflect  .     (gloves unavailable)
SustAt .         Harm     .     (boots unavailable)
MR     .....                    (no amulet)
Stlth  ++........               (no ring)
                                (no ring)

@: quick, not resistant to hostile enchantments, unstealthy
A: no armour, no weapons or thrown items, claws 1, fangs 3, see invisible,
carnivore 3, speed 1, shaggy fur 1, slow metabolism 1, sharp paws
a: Renounce Religion


You were on level 2 of the Dungeon.
You worshipped Xom.
You were a very special plaything of Xom.
You were not hungry.

You visited 1 branch of the dungeon, and saw 2 of its levels.

You collected 9 gold pieces.

Inventory:

Scrolls
 c - a scroll of teleportation {unknown}
 d - a scroll of identify {unknown}
 e - a scroll of random uselessness {unknown}
Comestibles
 a - a meat ration
 b - a beef jerky


   Skills:
 + Level 3.1 Fighting
 + Level 3.6 Dodging
 + Level 0.8 Stealth
 * Level 3.5 Unarmed Combat


You had one spell level left.
You didn't know any spells.

Dungeon Overview and Level Annotations

Branches:
Dungeon (2/15)

Altars:
Xom


Innate Abilities, Weirdness & Mutations

You cannot wear armour.
You are incapable of wielding weapons or throwing items.
You have sharp claws.
You have razor-sharp teeth.
You have supernaturally acute eyesight.
You are carnivorous and can eat meat at any time.
You cover ground quickly.
You are covered in fur (AC +1).
You have a slow metabolism.
Your sharp claws are effective at attacking unaware monsters.


Message History

You start resting!
Xom is getting BORED!
You open the door!
There is an open door here!
There is a stone staircase leading down here!
You open the door!
There is an open door here!
Key pressed, stopping explore!
You start resting!
Xom is getting BORED!
You start resting!
You are now a BORING thing!
You start resting!
Xom notices you! A chorus of moans calls out to you!!!
You are now a very special plaything of Xom!
You see here a scroll labeled JUCWAU RUJEIW!
The small abomination hits you!!!!!!
DANG rip

..#####.####....###.....#
#.......# #..<.# #..####
#######.######### #..#
......x...# #..#
#######.#x# #..# #x#x#
#..# #.#.# #..#
#.#x#########.(#
#.#.@......##..#
#.######.####..# #. #..#
#..# #..# ##..# #...#
#.#.# #.#.#


You could see 3 small abominations.

Vanquished Creatures
  2 oozes (D:2)
  A worm (D:2)
  2 bats (D:2)
  2 goblins
  2 hobgoblins (D:1)
  2 rats (D:1)
11 creatures vanquished.

Notes
Turn   | Place    | Note
--------------------------------------------------------------
     0 | D:1      | ihatefelids the Felid Chaos Knight began the quest for the Orb.
     0 | D:1      | Reached XP level 1. HP: 10/10 MP: 2/2
    53 | D:1      | XOM: harmless Necr miscast
   115 | D:1      | XOM: harmless Air miscast
   180 | D:1      | XOM: scenery: create altars
   402 | D:2      | Found a faded altar to an unknown god.
   411 | D:2      | XOM: silly message
   413 | D:2      | Reached XP level 2. HP: 9/14 MP: 3/3
   436 | D:2      | XOM: summons 1 hostile demon
   821 | D:2      | XOM: medium Conj miscast
   972 | D:2      | XOM is BORED!
   972 | D:2      | XOM: medium Summ miscast
   973 | D:2      | Noticed a small abomination
   973 | D:2      | Noticed a small abomination
   973 | D:2      | Noticed a small abomination
   977 | D:2      | Mangled by a small abomination

Vault maps used:
D:1:      evilmike_arrival_come_back
D:2:      ecumenical_altar_2, first_bread

Action                   || total
-------------------------++-------
Melee: Unarmed           ||    46
 Stab: Sleeping          ||     4
  Eat: Chunk             ||     1
